 Dungeon Crawl Stone Soup version 0.23.2-33-g5129a83184 (webtiles) character file.

Game seed: 9369312122617687670

239 MalarOregon the Magician (level 6, -4/45 HPs)
             Began as a Ghoul Wizard on July 15, 2019.
             Was a Follower of Kikubaaqudgha.
             Slain by a killer bee (7 damage)
             ... on level 4 of the Dungeon.
             The game lasted 00:09:21 (4218 turns).

MalarOregon the Magician (Ghoul Wizard)             Turns: 4218, Time: 00:09:22

Health: -4/45      AC:  4    Str: 11    XL:     6   Next: 7%
Magic:  1/10       EV: 12    Int: 15    God:    Kikubaaqudgha [*.....]
Gold:   194        SH:  0    Dex:  7    Spells: 4/12 levels left

rFire    . . .     SeeInvis .   n - +1 short sword (elec)
rCold    + . .     Gourm    .   (no shield)
rNeg     + + +     Faith    .   a - +0 robe
rPois    ∞         Spirit   .   b - +0 hat
rElec    .         Reflect  .   q - +1 cloak
rCorr    .         Harm     .   (no gloves)
MR       .....                  (no boots)
Stlth    ++........             (no amulet)
HPRegen  0.00/turn              (no ring)
MPRegen  0.12/turn              (no ring)

@: very slightly contaminated, rotting
A: rotting body, claws 1, carnivore, cold resistance 1, negative energy
resistance 3, inhibited regeneration, torment resistance, unbreathing
a: Receive Corpses, Renounce Religion


You were on level 4 of the Dungeon.
You worshipped Kikubaaqudgha.
Kikubaaqudgha was aware of your devotion.
You were not hungry.

You visited 1 branch of the dungeon, and saw 4 of its levels.

You collected 194 gold pieces.

Inventory:

Hand Weapons
 k - a +0 short sword of draining
   (You took it off a kobold on level 2 of the Dungeon)
 n - a +1 short sword of electrocution (weapon)
   (You took it off a kobold on level 3 of the Dungeon)
Missiles
 h - 8 javelins of penetration (quivered)
 o - 5 needles of paralysis
Armour
 a - a +0 robe (worn)
 b - a +0 hat (worn)
 q - a +1 cloak (worn)
   (You found it on level 3 of the Dungeon)
Jewellery
 s - a +3 ring of evasion {unknown}
   (You found it on level 3 of the Dungeon)
Scrolls
 d - 2 scrolls of remove curse {unknown}
 i - 2 scrolls of teleportation {unknown}
 l - a scroll of identify {unknown}
Potions
 f - a potion of invisibility {unknown}
 g - a potion of berserk rage {unknown}
 j - a potion of lignification {unknown}
 m - 2 potions of degeneration {unknown}
 p - a potion of magic {unknown}
 r - a potion of cancellation {unknown}
Comestibles
 e - 5 rations {!d}


   Skills:
 - Level 1.7 Dodging
 - Level 2.1 Stealth
 + Level 3.8 Spellcasting
 + Level 2.6 Conjurations
 + Level 1.6 Summonings
 + Level 1.2 Necromancy
 + Level 1.6 Translocations
 + Level 1.0 Air Magic
 + Level 1.1 Poison Magic


You had 4 spell levels left.
You knew the following spells:

 Your Spells              Type           Power        Failure   Level  Hunger
a - Magic Dart            Conj           ##..         6%          1    None
b - Blink                 Tloc           N/A          14%         2    ##.....
f - Mephitic Cloud        Conj/Pois/Air  #.......     28%         3    ###....
x - Call Imp              Summ           #.......     14%         2    ##.....

Your spell library contained the following spells:

 Spells                   Type           Power        Failure   Level  Hunger
 Animate Skeleton         Necr           N/A          11%         1    None
 Pain                     Necr           #...         11%         1    None
 Corpse Rot               Necr           N/A          17%         2    ##.....
 Slow                     Hex            #.......     28%         2    ##.....
 Conjure Flame            Conj/Fire      #.......     32%         3    ###....
 Regeneration             Chrm/Necr      #.........   38%         3    ###....


Dungeon Overview and Level Annotations

Branches:
Dungeon (4/15)
 Temple: D:4-7

Altars:
Elyvilon
Fedhas
Gozag
Hepliaklqana
Kikubaaqudgha


Innate Abilities, Weirdness & Mutations

Your body is rotting away.
You thrive on raw meat.
You are immune to poison.
You have sharp fingernails.
You are carnivorous and can eat meat at any time.
Your flesh is cold resistant. (rC+)
You are immune to negative energy. (rN+++)
You do not regenerate when monsters are visible.
You are immune to unholy pain and torment.
You can survive without breathing.


Message History

Your crimson imp says, "I'm here!"
The killer bee stings you.
The killer bee stings you but does no damage.
The killer bee closely misses you. The killer bee barely misses you.
The killer bee stings you. The killer bee closely misses you.
The killer bee stings your iron imp but does no damage.
The killer bee stings you.
Your iron imp barely misses the killer bee.
A beastly little devil appears in a puff of flame.
The killer bee misses you.
The killer bee stings you but does no damage.
The killer bee stings your iron imp. The killer bee misses you.
The killer bee completely misses you. The killer bee stings your iron imp!
Your iron imp hits the killer bee!
The killer bee closely misses your iron imp.
Your crimson imp blinks!
The killer bee stings your iron imp.
Your iron imp dies!
Your crimson imp barely misses the killer bee.
A beastly little devil appears in a puff of frigid air.
The killer bee stings you. The killer bee barely misses you.
The killer bee stings you.
* * * LOW HITPOINT WARNING * * *
The killer bee barely misses you. The killer bee stings you.
* * * LOW HITPOINT WARNING * * *
Your white imp shouts, "Stay back!
It could be a trick!"
Your white imp hits the killer bee.
Your white imp freezes the killer bee.
Okay, then.
The killer bee stings your white imp.
Your white imp is poisoned.
The killer bee poisons your white imp! The killer bee closely misses you.
The killer bee stings you.
* * * LOW HITPOINT WARNING * * *
The killer bee stings you.
* * * LOW HITPOINT WARNING * * *
The killer bee barely misses your white imp.
Your crimson imp blinks!
Your white imp closely misses the killer bee.
As you read the scroll labeled LEUJIJ PIOSIHO, it crumbles to dust.
It is a scroll of enchant weapon.
Your +0 short sword of electrocution glows red for a moment.
The killer bee barely misses you. The killer bee closely misses you.
The killer bee stings you.
* * * LOW HITPOINT WARNING * * *
The killer bee closely misses your white imp.
Your crimson imp blinks!
The killer bee stings you!
You die...
Kikubaaqudgha rasps: "You have failed me!
Welcome... oblivion!"

#.............# #...# #...# #...#
#.....+...<...###...###...###...#
#.....#..........................
##...##..........................
#...#######.....................
...........#..###...###...###...#
.>.........#..# #...# #...# #...#
.........5.'..###...###...###...#
#######...5y@................
.........y.yy................
..........§.5................
.......!§.###...###...###...#
..........# #...# #...# #...#
...>......# #...# #...# #...#
...........[.................
.............................
.......###..###########....##


You could see 4 killer bees, 2 friendly crimson imps and a friendly white imp.

Vanquished Creatures
  A killer bee (D:3)
  A centaur skeleton (D:4)
  An orc wizard (D:3)
  A worker ant (D:4)
  A hound zombie (D:4)
  An adder (D:2)
  An ooze (D:3)
  3 worms
  A dart slug (D:1)
  4 orcs
  7 bats
  2 giant cockroaches
  7 goblins
  3 hobgoblins
  3 jackals (D:3)
  A quokka (D:2)
  A ball python (D:2)
  4 frilled lizards
  9 kobolds
  10 rats
62 creatures vanquished.

Vanquished Creatures (collateral kills)
  3 adders
  An orc (D:3)
  A kobold (D:2)
5 creatures vanquished.

Grand Total: 67 creatures vanquished

Notes
Turn   | Place    | Note
-------+----------+-------------------------------------------
     0 | D:1      | MalarOregon the Ghoul Wizard began the quest for the Orb.
     0 | D:1      | Reached XP level 1. HP: 14/14 MP: 3/3
    49 | D:1      | Reached skill level 1 in Conjurations
   177 | D:1      | Reached XP level 2. HP: 14/20 MP: 0/4
   397 | D:1      | Reached skill level 3 in Spellcasting
   783 | D:2      | Learned a level 2 spell: Blink
   786 | D:2      | Learned a level 2 spell: Call Imp
   851 | D:2      | Reached XP level 3. HP: 3/26 MP: 2/6
  1102 | D:2      | Found an ancient bone altar of Kikubaaqudgha.
  1108 | D:2      | Became a worshipper of Kikubaaqudgha
  1505 | D:2      | Found a hazy altar of Hepliaklqana.
  1731 | D:2      | Reached XP level 4. HP: 26/33 MP: 8/8
  1885 | D:2      | Learned a level 3 spell: Mephitic Cloud
  1933 | D:2      | Reached skill level 1 in Summonings
  2480 | D:3      | Reached * piety under Kikubaaqudgha
  2480 | D:3      | Identified Kikubaaqudgha's Compendium of Sinister Magic
                  | (Kikubaaqudgha gifted it to you on level 3 of the Dungeon)
  2480 | D:3      | Received a gift from Kikubaaqudgha
  2495 | D:3      | Found a white marble altar of Elyvilon.
  2570 | D:3      | Reached skill level 1 in Translocations
  2630 | D:3      | Found a blossoming altar of Fedhas.
  3012 | D:3      | Reached XP level 5. HP: 13/38 MP: 1/9
  3506 | D:3      | Reached skill level 1 in Necromancy
  3804 | D:4      | Reached skill level 1 in Poison Magic
  3984 | D:4      | Found an opulent altar of Gozag.
  4058 | D:4      | Reached skill level 1 in Air Magic
  4058 | D:4      | Reached XP level 6. HP: 17/44 MP: 5/10
  4218 | D:4      | Slain by a killer bee

Skill      XL: |  1  2  3  4  5 |
---------------+----------------+-----
Conjurations   | 1 2 |  2.6
Spellcasting   | 3 |  3.8
Summonings     | 1 |  1.6
Translocations | 1 |  1.6
Necromancy     | 1 |  1.2
Poison Magic   | 1 |  1.1
Air Magic      | 1 |  1.0
Dodging        | |  1.7
Stealth        | |  2.1

Action                   |  1- 3 |  4- 6 || total
-------------------------+-------+-------++-------
Melee: Unarmed           |    51 |       ||    51
       Short sword       |    24 |   134 ||   158
Throw: Javelin           |       |     3 ||     3
 Cast: Magic Dart        |    50 |    33 ||    83
       Call Imp          |     2 |    15 ||    17
       Blink             |     1 |       ||     1
  Use: Scroll            |       |     3 ||     3
 Stab: Sleeping          |     1 |     2 ||     3
  Eat: Chunk             |     7 |     5 ||    12
Armor: Robe              |    19 |    22 ||    41
Dodge: Dodged            |    61 |   106 ||   167
